 Dungeon Crawl Stone Soup version 0.27.0-1-g7a089689b8 (webtiles) character file.

Game seed: 15789729726595149918

66 rogsnak the Firebug (level 3, 0/24 HPs)
             Began as a Demonspawn Fire Elementalist on Aug 2, 2021.
             Succumbed to an adder's poison
             ... on level 3 of the Dungeon.
             The game lasted 00:03:40 (2008 turns).

rogsnak the Firebug (Demonspawn Fire Elementalist)  Turns: 2008, Time: 00:03:41

Health: 0/24       AC:  2    Str:  8    XL:     3   Next: 96%
Magic:  6/6        EV: 12    Int: 17    God:
Gold:   60         SH:  0    Dex: 13    Spells: 6/7 levels left

rFire    . . .     SeeInvis .   c - +0 spear
rCold    . . .     Faith    .   (no shield)
rNeg     . . .     Spirit   .   a - +0 robe
rPois    .         Reflect  .   (no helmet)
rElec    .         Harm     .   (no cloak)
rCorr    .         Rampage  .   (no gloves)
Will     .....                  (no boots)
Stlth    ++........             (no amulet)
HPRegen  0.08/turn              (no ring)
MPRegen  0.10/turn              (no ring)

@: lethally poisoned (0 -> -1)
A: claws 1, powered by pain 1
a: no special abilities


You were on level 3 of the Dungeon.
You visited 1 branch of the dungeon, and saw 3 of its levels.

You collected 60 gold pieces.

Inventory:

Hand Weapons
 c - a +0 spear (weapon)
Missiles
 d - 17 poisoned darts
 e - 88 stones
Armour
 a - a +0 robe (worn)
Scrolls
 b - a scroll of amnesia {unknown}
 g - a scroll of teleportation {unknown}
 h - a scroll of acquirement {unknown}
 i - a scroll of identify {unknown}
 k - a scroll of blinking {unknown}
 l - a scroll of holy word {unknown}
Potions
 f - a potion of might {unknown}
 j - a potion of degeneration {unknown}


   Skills:
 + Level 2.0 Dodging
 - Level 1.7 Stealth
 + Level 2.6 Spellcasting
 * Level 1.9 Conjurations
 + Level 3.5 Fire Magic


You had 6 spell levels left.
You knew the following spells:

 Your Spells              Type           Power      Damage    Failure   Level
a - Foxfire               Conj/Fire      44%        2x1d6     6%          1

Your spell library contained the following spells:

 Spells                   Type           Power      Damage    Failure   Level
 Conjure Flame            Conj/Fire      11%        6-21      17%         3
 Inner Flame              Hex/Fire       8%         N/A       26%         3
 Sticky Flame             Conj/Fire      11%        2d3       50%         4
 Fireball                 Conj/Fire      5%         3d5       85%         5


Dungeon Overview and Level Annotations

Branches:
Dungeon (3/15)

Altars:
Makhleb

Shops:
D:1 [


Innate Abilities, Weirdness & Mutations

You have sharp fingernails.
You sometimes gain a little power by taking damage.


Message History

You closely miss the adder. The adder bites you.
You miss the adder. The adder bites you. The adder barely misses you.
You closely miss the adder. The adder misses you.
You closely miss the adder. The adder bites you.
You closely miss the adder. The adder misses you. The adder barely misses you.
You closely miss the adder. The adder bites you but does no damage.
You miss the adder. The adder closely misses you. The adder barely misses you.
You hit the adder.
The adder is moderately wounded.
The adder closely misses you.
You closely miss the adder.
The adder is moderately wounded.
The adder barely misses you. x2
You barely miss the adder.
The adder is moderately wounded.
The adder closely misses you.
You miss the adder.
The adder is moderately wounded.
The adder bites you.
You are poisoned.
The adder poisons you! The adder barely misses you.
You barely miss the adder.
The adder is moderately wounded.
You feel sick. The adder bites you.
* * * LOW HITPOINT WARNING * * *
You closely miss the adder.
The adder is moderately wounded.
* * * LOW HITPOINT WARNING * * *
You feel sick. The adder barely misses you. The adder closely misses you.
You hit the adder.
The adder is heavily wounded.
* * * LOW HITPOINT WARNING * * *
You feel sick. The adder barely misses you.
You miss the adder.
The adder is heavily wounded.
* * * LOW HITPOINT WARNING * * *
You feel sick. The adder closely misses you.
You hit the adder but do no damage.
The adder is heavily wounded.
You die...

##################
#.............@S.#
###.##############......
.......# ...## ###.##.#
.... ..#.##.# .##
....##.# # ..####.#
..####.# ........#


You could see an adder.

Vanquished Creatures
  2 adders (D:2)
  A worm (D:2)
  A bat (D:2)
  2 endoplasms (D:2)
  A goblin (D:2)
  10 hobgoblins
  4 jackals (D:2)
  4 quokkas
  3 ball pythons
  4 frilled lizards
  6 kobolds
  5 rats
43 creatures vanquished.

Vanquished Creatures (others)
  128 foxfires
128 creatures vanquished.

Grand Total: 171 creatures vanquished

Notes
Turn   | Place    | Note
-------+----------+-------------------------------------------
     0 | D:1      | rogsnak the Demonspawn Fire Elementalist began the quest
                  | for the Orb.
     0 | D:1      | Reached XP level 1. HP: 13/13 MP: 3/3
   131 | D:1      | Found Iwniret's Antique Armour Shop.
   425 | D:1      | Gained mutation: You sometimes gain a little power by
                  | taking damage. [demonic ancestry]
   425 | D:1      | Reached XP level 2. HP: 19/19 MP: 0/5
   706 | D:1      | Reached skill level 3 in Fire Magic
  1002 | D:2      | Gained mutation: You have sharp fingernails. [demonic
                  | ancestry]
  1002 | D:2      | Reached XP level 3. HP: 24/24 MP: 1/6
  1122 | D:2      | Found a burning altar of Makhleb.
  1542 | D:2      | Found a faded altar of an unknown god.
  2007 | D:3      | HP: 1/24 [poisoned by an adder]
  2008 | D:3      | Succumbed to an adder's poison

Illustrated notes

Levels and vault maps discovered:
D:1:      dpeg_arrival_snail, layout_rooms, serial_shops, shop_statue,
          minmay_misc_feat_doors
D:2:      layout_basic, hellmonk_ecumenical_altar_inner_sanctum, basic_altar
D:3:      layout_loops_ring

Skill      XL: |  1  2 |
---------------+-------+-----
Fire Magic     | 3 |  3.5
Dodging        | 2 |  2.0
Stealth        | |  1.7
Spellcasting   | |  2.6
Conjurations   | |  1.9

Action                   || total
-------------------------++-------
Melee: Spear             ||    39
 Cast: Foxfire           ||    75
Armor: Robe              ||     9
Dodge: Dodged            ||    40
